 Dungeon Crawl Stone Soup version 0.31.0-11-ge490571c62 (webtiles) character file.

Game seed: 12075311077226655308

80 qw the Shooter (level 4, -2/25 HPs)
             Began as a Deep Elf Hunter on Feb 4, 2024.
             Slain by a gnoll
             ... wielding a +0 flail
              (9 damage)
             ... on level 3 of the Dungeon.
             The game lasted 00:00:08 (1619 turns).

qw the Shooter (Deep Elf Hunter)                    Turns: 1619, Time: 00:00:09

Health: -2/25      AC:  6    Str: 10    XL:     4   Next: 18%
Magic:  6/6        EV: 11    Int: 14    God:
Gold:   145        SH:  0    Dex: 18    Spells: 3/3 levels left

rFire   . . .        a - +0 shortbow
rCold   . . .        (shield currently unavailable)
rNeg    + . .        m - +0 ring mail
rPois   .            (no helmet)
rElec   .            i - scarf {repulsion}
rCorr   .            b - +0 pair of gloves
SInv    .            (no boots)
Will    .....        (no amulet)
Stlth   +            h - ring of positive energy
HPRegen 0.24/turn    (no ring)
MPRegen 0.10/turn

%: repel missiles
@: no status effects
A: no striking features
a: no special abilities


You were on level 3 of the Dungeon.
You visited 1 branch of the dungeon, and saw 3 of its levels.

You collected 145 gold pieces.


   Skills:
 - Level 1.5 Fighting
 + Level 7.6 Ranged Weapons
 - Level 2.4 Dodging
 - Level 1.2 Stealth


You had 3 spell levels left.
You didn't know any spells.
Your spell library was empty.

Inventory:

Hand Weapons
 a - a +0 shortbow (weapon)
Armour
 b - a +0 pair of gloves (worn)
 i - a scarf of repulsion (worn)
 j - a +0 cloak
 m - a +0 ring mail (worn)
Jewellery
 h - a ring of positive energy (left hand)
Wands
 c - a wand of roots (11)
Potions
 d - a potion of might {unknown}
 e - a potion of cancellation {unknown}
 k - a potion of attraction {unknown}

Dungeon Overview and Level Annotations

Branches:
Dungeon (3/15)

Altars:


Message History

The gnoll is moderately wounded.
You shoot an arrow.
The arrow hits the gnoll but does no damage.
The gnoll is moderately wounded.
You shoot an arrow.
The arrow hits the gnoll but does no damage.
The gnoll is moderately wounded.
You hear the slow rusting of a distant drain.
You shoot an arrow. The arrow barely misses the gnoll.
You shoot an arrow. The arrow barely misses the gnoll.
A gnoll comes into view. It is wielding a +0 whip.
The gnoll barely misses you.
A gnoll comes into view. It is wielding a +0 spear.
The gnoll misses you.
You shoot an arrow. The arrow barely misses the gnoll.
The gnoll shouts!
The gnoll closely misses you.
You shoot an arrow. The arrow closely misses the gnoll.
The arrow hits the gnoll.
The gnoll is lightly wounded.
The gnoll closely misses you.
You shoot an arrow. The arrow hits the gnoll.
The gnoll is heavily wounded.
The gnoll hits you with a +0 flail.
You shoot an arrow. The arrow barely misses the gnoll.
The arrow hits the gnoll!
The gnoll is almost dead.
The gnoll hits you but does no damage.
You shoot an arrow. The arrow hits the gnoll.
The gnoll is almost dead.
The gnoll hits you with a +0 flail.
You shoot an arrow. The arrow barely misses the gnoll.
The gnoll hits you from afar with a +0 spear.
The gnoll barely misses you.
The gnoll hits you but does no damage. x2
The gnoll barely misses you. The gnoll hits you with a +0 flail.
You shoot an arrow.
The arrow hits the gnoll but does no damage.
The gnoll is almost dead.
The gnoll barely misses you. The gnoll hits you with a +0 whip!
The gnoll hits you with a +0 flail!
You die...

..... #...#
......#...#
......#...#
......#...#
......#...#
........g#
#...gg#
#....@#
#####...###
#...'...+
#.###...#
#.# #...#
#.# #...#
#.# ......
#.##....###
#.##....#


You could see 3 gnolls.

Vanquished Creatures
  An adder (D:2)
  3 gnolls (D:2)
  2 ribbon worms (D:2)
  8 bats
  3 endoplasms
  2 giant cockroaches
  3 goblins
  3 hobgoblins (D:2)
  2 quokkas (D:1)
  2 ball pythons (D:2)
  2 frilled lizards
  4 kobolds
  2 rats (D:1)
37 creatures vanquished.

Notes
Turn   | Place    | Note
-------+----------+-------------------------------------------
     0 | D:1      | qw the Deep Elf Hunter began the quest for the Orb.
     0 | D:1      | Reached XP level 1. HP: 12/12 MP: 3/3
     0 | D:1      | 0 ||| qw: Version: 0.3-a-160-g6735b56
     0 | D:1      | 0 ||| qw: Game counter: 6019
     0 | D:1      | 0 ||| qw: Melee chars always use a shield: true
     0 | D:1      | 0 ||| qw: God list: Okawaru
     0 | D:1      | 0 ||| qw: Allow faded altars: false
     0 | D:1      | 0 ||| qw: Do Orc after clearing Dungeon:15 true
     0 | D:1      | 0 ||| qw: Do second Lair branch before Depths: true
     0 | D:1      | 0 ||| qw: Lair rune preference: random
     0 | D:1      | 0 ||| qw: Goals: Normal
     0 | D:1      | 0 ||| PLANNING D:1-11
   173 | D:1      | Reached XP level 2. HP: 16/16 MP: 4/4
   236 | D:1      | Reached skill level 6 in Ranged Weapons
   650 | D:1      | 650 ||| READING scroll labelled ISMORHYOLEME.
   651 | D:1      | 651 ||| DROPPING scroll of butterflies.
   799 | D:2      | Reached XP level 3. HP: 20/20 MP: 5/5
   889 | D:2      | 889 ||| FLEEEEING.
   890 | D:2      | 890 ||| FLEEEEING.
   891 | D:2      | 891 ||| FLEEEEING.
   945 | D:2      | Reached skill level 7 in Ranged Weapons
  1033 | D:2      | Identified the +5 mace "Dinasuj" {freeze, rElec Str+5}
  1148 | D:2      | Reached XP level 4. HP: 12/25 MP: 6/6
  1469 | D:2      | 1469 ||| UPGRADING to +0 pair of gloves.
  1474 | D:2      | 1474 ||| UPGRADING to scarf of repulsion.
  1479 | D:2      | 1479 ||| UPGRADING to +0 ring mail.
  1489 | D:2      | 1489 ||| DROPPING +0 leather armour.
  1490 | D:2      | 1490 ||| UPGRADING to ring of positive energy.
  1491 | D:2      | 1491 ||| READING scroll labelled QIUFAAK BEROCO.
  1494 | D:2      | 1494 ||| READING scroll labelled QEUS MOUSOGG.
  1535 | D:2      | 1535 ||| DRINKING 2 fizzy purple potions.
  1536 | D:2      | 1536 ||| DROPPING potion of invisibility.
  1562 | D:3      | 1562 ||| PLANNING SEWER
  1619 | D:3      | Slain by a gnoll

Levels and vault maps discovered:
D:1:      lightli_arrival_statue_moat, layout_basic
D:2:      layout_loops_cross, columned_hall_lemuel
D:3:      layout_basic, cheibrodos_sewer_entry_sluice

Skill      XL: |  1  2  3 |
---------------+----------+-----
Ranged Weapons | 6 7 |  7.6
Fighting       | |  1.5
Dodging        | |  2.4
Stealth        | |  1.2

Action                     |  1- 3 |  4- 6 || total
---------------------------+-------+-------++-------
   Fire: Shortbow          |   100 |    36 ||   136
    Use: Scroll            |     1 |     2 ||     3
         Potion            |       |     1 ||     1
 Armour: Leather armour    |    23 |     5 ||    28
         Ring mail         |       |     9 ||     9
  Dodge: Dodged            |    37 |    16 ||    53

Table legend:
 A = Non-vault XP
 B = Vault XP
 C = Vault XP percentage of total XP
 D = Non-vault monster count
 E = Vault monster count
 F = Vault count percentage of total count
                 A         B        C        D         E       F
            +---------+---------+-------+---------+---------+-------
      Total |     115 |       0 |   0.0 |      37 |       0 |   0.0
            +---------+---------+-------+---------+---------+-------
        D:1 |      21 |       0 |   0.0 |      13 |       0 |   0.0
        D:2 |      94 |       0 |   0.0 |      24 |       0 |   0.0
            +---------+---------+-------+---------+---------+-------
